Map: Ulrena

Players

Soulkey

  • Race: Zerg Zerg

ByuN - Winner!

  • Race: Terran Terran

Event: IEM Season 10 - Taipei

VOD

Have the link to the VOD?

Description

Time

  • Played on: Feb. 1, 2016, 10:23 p.m.
  • Length: 9:46

All games in this series

Show
View Real Time Build Order
Export as new Build Order

Soulkey Zerg 

Build Orders: Hatch First, Muta Ling Bane 

Get SALT Encoding   

  12  0:00  Drone  
  13  0:12  Overlord  
  13  0:18  Drone  
  14  0:31  Drone x2  
  16  0:36  Drone  
  17  0:52  Hatchery  
  17  0:55  Drone  
  17  0:58  Drone  
  18  1:08  Extractor  
  17  1:14  Spawning Pool  
  17  1:16  Drone  
  17  1:19  Drone  
  18  1:29  Drone  
  19  1:39  Overlord  
  19  2:00  Queen  
  19  2:01  Zergling x4  
  23  2:04  Zergling x2, Queen  
  23  2:08  Metabolic Boost  
  26  2:15  Drone x2  
  28  2:28  Drone  
  29  2:37  Queen  
  29  2:40  Drone  
  29  2:41  Queen  
  33  2:46  Overlord  
  33  2:51  Drone  
  34  2:52  Drone  
  35  3:04  Overlord  
  35  3:06  Drone x2  
  35  3:08  Drone x2  
  35  3:10  Drone  
  40  3:13  Drone x2  
  40  3:17  Drone  
  43  3:22  Lair  
  43  3:25  Extractor  
  43  3:26  Drone  
  43  3:29  Drone  
  43  3:30  Drone  
  43  3:32  Drone  
  46  3:35  Drone  
  47  3:43  Zergling x4  
  49  3:49  Drone x2  
  49  3:50  Overlord  
  49  3:55  Extractor x2  
  49  4:01  Spore Crawler  
  48  4:04  Zergling x6  
  51  4:12  Drone x2, Spore Crawler  
  51  4:13  Drone  
  53  4:18  Drone x2  
  53  4:19  Drone x2  
  57  4:28  Spire  
  57  4:30  Drone  
  57  4:31  Drone x2  
  59  4:39  Drone  
  59  4:41  Overlord  
  59  4:42  Overlord  
  60  4:52  Burrow  
  59  4:56  Hatchery  
  59  4:59  Overlord  
  58  5:09  Drone x3, Baneling Nest  
  58  5:13  Drone  
  58  5:14  Drone x5  
  66  5:27  Evolution Chamber  
  65  5:30  Evolution Chamber  
  65  5:34  Drone x2  
  65  5:35  Overlord  
  66  5:36  Overlord  
  66  5:42  Mutalisk  
  66  5:43  Mutalisk x3  
  66  5:44  Zerg Flyer Weapons Level 1  
  74  5:55  Zerg Ground Armor Level 1  
  74  5:56  Zerg Melee Weapons Level 1  
  74  5:57  Baneling x2  
  74  6:01  Drone  
  74  6:02  Drone x3  
  74  6:04  Drone x2  
  80  6:08  Centrifical Hooks  
  80  6:20  Drone x4  
  80  6:21  Drone x4  
  80  6:23  Extractor  
  80  6:25  Baneling x2, Extractor  
  86  6:27  Overlord  
  86  6:31  Mutalisk  
  88  6:34  Mutalisk  
  88  6:35  Overlord x2  
  88  6:37  Mutalisk  
  92  6:42  Zergling x6  
  96  6:47  Zergling x10  
  96  6:48  Zergling x2  
  101  6:54  Drone  
  101  6:56  Drone  
  101  6:59  Drone  
  101  7:00  Hatchery  
  102  7:07  Mutalisk x3  
  102  7:08  Mutalisk  
  109  7:17  Zergling x8  
  109  7:19  Overlord  
  109  7:20  Baneling x3  
  112  7:23  Baneling x4  
  106  7:33  Zergling x6  
  106  7:34  Zergling x8  
  89  7:41  Zergling x2  
  89  7:43  Zergling x8  
  86  7:51  Mutalisk x2  
  86  7:52  Mutalisk  
  86  7:53  Queen  
  86  7:57  Mutalisk  
  96  8:03  Zergling x4  
  96  8:04  Baneling x2  
  98  8:11  Zergling x4  
  100  8:15  Drone  
  100  8:17  Drone  
  100  8:19  Roach Warren  
  101  8:29  Zergling x14  
  108  8:39  Baneling x3  
  108  8:46  Overlord x3  
  108  8:47  Overlord  
  107  8:48  Hatchery  
  107  8:49  Zergling x2  
  107  8:50  Zergling x2  
  107  8:54  Baneling x6  
  106  9:04  Baneling x12  
  88  9:10  Zergling x12  
  85  9:20  Zergling x2  
  85  9:21  Zergling x6  
Show
View Real Time Build Order
Export as new Build Order

ByuN Terran - Winner!

Build Orders: Liberator Opening, Reaper Expand, MMM Bio 

Get SALT Encoding   

  12  0:00  SCV  
  13  0:12  SCV  
  14  0:17  Supply Depot  
  14  0:25  SCV  
  15  0:39  SCV, Barracks  
  16  0:44  Refinery  
  16  0:51  SCV  
  17  1:03  SCV  
  18  1:15  SCV  
  19  1:26  Reaper  
  19  1:27  Orbital Command  
  20  1:40  Command Center  
  20  1:49  Supply Depot  
  20  1:52  SCV  
  21  1:58  Marine  
  22  2:05  Factory  
  22  2:07  SCV  
  23  2:12  Refinery  
  23  2:19  SCV  
  23  2:21  Barracks Reactor  
  24  2:32  SCV  
  25  2:44  SCV  
  26  2:51  Starport  
  26  2:52  Orbital Command  
  26  2:55  Widow Mine  
  26  2:56  SCV  
  26  2:58  Marine x2  
  31  3:01  Bunker  
  31  3:08  SCV  
  32  3:16  Marine x2  
  34  3:20  SCV  
  34  3:21  SCV  
  34  3:25  Supply Depot  
  34  3:26  Factory Tech Lab  
  36  3:30  Medivac  
  36  3:33  SCV  
  36  3:34  Marine x2, SCV  
  42  3:44  Liberator  
  42  3:45  SCV  
  42  3:46  SCV  
  43  3:51  Marine  
  43  3:52  Marine  
  45  3:57  SCV  
  45  3:58  SCV  
  50  4:09  SCV  
  51  4:10  SCV  
  51  4:11  Command Center  
  51  4:14  Supply Depot  
  51  4:17  Supply Depot  
  52  4:26  SCV x2  
  52  4:30  Factory Reactor  
  54  4:32  Stimpack  
  54  4:36  Marine  
  54  4:37  Barracks x2  
  55  4:44  SCV x2  
  57  4:48  Starport Reactor  
  57  4:54  Engineering Bay, Marine  
  57  4:56  Engineering Bay, SCV x2  
  60  5:04  Refinery  
  60  5:06  Refinery  
  60  5:08  SCV x2  
  60  5:10  Liberator x2  
  60  5:11  Marine  
  63  5:20  Factory Reactor, SCV x2  
  65  5:23  Missile Turret  
  65  5:25  Missile Turret  
  71  5:29  Missile Turret, Marine  
  71  5:34  Marine x4  
  76  5:39  Orbital Command  
  76  5:44  Supply Depot  
  76  5:49  Terran Infantry Armor Level 1, Terran Infantry Weapons Level 1  
  76  5:56  Supply Depot, SCV x2  
  78  5:59  Marine x2  
  78  6:00  Marine x2  
  78  6:01  Marine  
  83  6:09  Factory Reactor, Barracks  
  83  6:14  SCV x2  
  83  6:18  Barracks  
  85  6:20  Supply Depot  
  85  6:22  Medivac x2  
  89  6:26  Marine x3  
  89  6:29  Marine x2  
  89  6:30  Orbital Command  
  94  6:34  Combat Shields  
  94  6:35  SCV x2  
  96  6:44  Marine x3  
  99  6:47  Marine x2, SCV  
  99  6:48  SCV  
  99  6:52  Armory  
  99  6:53  Missile Turret  
  103  6:57  Supply Depot  
  103  7:02  Marine  
  103  7:05  Supply Depot, SCV x2  
  103  7:06  SCV  
  105  7:11  Factory Reactor  
  105  7:16  Marine  
  105  7:17  Marine, SCV x2  
  105  7:19  Marine x4, SCV  
  114  7:24  Marine  
  114  7:27  Marine  
  114  7:29  Marine  
  117  7:34  Marine  
  117  7:35  Marine  
  117  7:36  Marine x3  
  103  7:37  Medivac x2, Marine  
  103  7:42  Marine  
  104  7:44  Marine  
  104  7:47  Marine  
  102  7:52  Marine x2  
  102  7:54  Liberator, Marine x3  
  102  7:55  Liberator, Marine  
  102  7:56  Factory  
  112  8:00  Hellion x2  
  112  8:05  Marine x2  
  113  8:06  Refinery  
  113  8:07  Marauder  
  122  8:15  Marine x2  
  122  8:16  Marine  
  125  8:22  Marine x2, SCV x3  
  125  8:24  Marine x3  
  133  8:41  Supply Depot  
  133  8:42  Supply Depot  
  133  8:44  Marine x4  
  133  8:45  Marauder, Hellion  
  141  8:56  Marine x4, Hellion  
  141  9:02  Marine x3  
  141  9:04  Marine  
  141  9:06  Marauder  
  141  9:08  Widow Mine x2  
  144  9:12  SCV x3  
  144  9:14  Marine x4  
  133  9:20  Marine x3  
  133  9:21  Marine  

Tags
 
Add a new tag
Caveats
  • Supply blocks, unpowered buildings, or Contaminate may cause inaccurate times.
  • Supply counts are checked every 10 seconds.